 Dungeon Crawl Stone Soup version 0.27-a0-604-g29a88b33a7 (webtiles) character file.

Game seed: 229082865808142363

322 Essalna the Chiller (level 6, -6/33 (41) HPs)
             Began as a Demonspawn Ice Elementalist on Mar 12, 2021.
             Mangled by Edmund
             ... wielding a +1 dire flail of draining
              (8 damage)
             ... on level 4 of the Dungeon.
             The game lasted 00:06:53 (3469 turns).

Essalna the Chiller (Demonspawn Ice Elementalist)   Turns: 3469, Time: 00:06:54

HP:   -6/33 (41)    AC:  7    Str:  8    XL:     6   Next: 22%
MP:   6/11          EV: 13    Int: 19    God:
Gold: 133           SH:  5    Dex: 13    Spells: 8/12 levels left

rFire    . . .     SeeInvis .   g - +1 dagger (freeze)
rCold    . . .     Faith    .   (no shield)
rNeg     . . .     Spirit   .   a - +0 robe
rPois    .         Reflect  +   (helmet restricted)
rElec    .         Harm     .   (no cloak)
rCorr    .         Rampage  .   v - +0 pair of gloves
Will     .....                  (no boots)
Stlth    ++........             m - amulet of reflection
HPRegen  0.11/turn              b - +4 ring of slaying
MPRegen  0.12/turn              l - +4 ring of protection

@: frozen ramparts, heavily drained
A: antennae 1, foul stench 1
a: no special abilities


You were on level 4 of the Dungeon.
You visited 1 branch of the dungeon, and saw 4 of its levels.

You collected 133 gold pieces.

Inventory:

Hand Weapons
 c - a +0 whip
 g - a +1 dagger of freezing (weapon)
Armour
 a - a +0 robe (worn)
 v - a +0 pair of gloves (worn)
Jewellery
 b - a +4 ring of slaying (right hand)
 l - a +4 ring of protection (left hand)
 m - an amulet of reflection (around neck)
Wands
 n - a wand of paralysis (9)
 t - a wand of charming (11)
Scrolls
 e - 4 scrolls of amnesia {unknown}
 h - 3 scrolls of noise {unknown}
 j - a scroll of magic mapping {unknown}
 k - a scroll of enchant weapon {unknown}
 q - 3 scrolls of teleportation {unknown}
 r - a scroll of enchant armour {unknown}
 s - 3 scrolls of identify {unknown}
 w - a scroll of immolation {unknown}
 x - a scroll of random uselessness {unknown}
Potions
 d - 3 potions of invisibility {unknown}
 f - 2 potions of berserk rage {unknown}
 i - 2 potions of haste {unknown}
 o - a potion of degeneration {unknown}
 p - a potion of curing {unknown}
 u - a potion of brilliance {unknown}
 z - a potion of cancellation {unknown}


   Skills:
 + Level 3.7 Dodging
 - Level 1.7 Stealth
 + Level 3.8 Spellcasting
 + Level 4.9 Ice Magic


You had 8 spell levels left.
You knew the following spells:

 Your Spells              Type           Power      Damage    Failure   Level
a - Freeze                Ice            88%        1d10      1%          1
b - Frozen Ramparts       Ice            44%        1d6       5%          3

Your spell library contained the following spells:

 Spells                   Type           Power      Damage    Failure   Level
 Ozocubu's Armour         Ice            22%        N/A       5%          3
 Hailstorm                Conj/Ice       13%        3d5       45%         4
 Summon Ice Beast         Ice/Summ       13%        N/A       45%         4


Dungeon Overview and Level Annotations

Branches:
Dungeon (4/15)
 Temple: D:4-7

Altars:
Fedhas
Beogh

Annotations:
D:3 2 transporters, 3 runed translucent doors, fasse2k's ghost, amateur DgFi
D:4 Edmund


Innate Abilities, Weirdness & Mutations

You have a pair of small antennae on your head.
You may rarely emit foul miasma when damaged in melee.


Message History

Edmund is lightly wounded.
The wall freezes Edmund.
Edmund hits you with a +1 dire flail of draining.
You feel drained.
You closely miss Edmund.
Edmund is lightly wounded.
The frozen ramparts melt away.
Edmund misses you.
You hit Edmund. You freeze Edmund.
Edmund is lightly wounded.
Edmund hits you with a +1 dire flail of draining!
You feel drained.
Casting: Frozen Ramparts (dangerous; 5% risk of failure)
Confirm with . or Enter, or press ? or * to list all spells.
Casting: Frozen Ramparts (dangerous; 5% risk of failure)
Press: ? - help, Dir - look around, f - activate The walls around you are covered in ice.
The wall freezes Edmund.
You block Edmund's attack.
You closely miss Edmund.
Edmund is moderately wounded.
The wall freezes Edmund.
Edmund hits you with a +1 dire flail of draining!
* * * LOW HITPOINT WARNING * * *
You feel drained.
* * * LOW HITPOINT WARNING * * *
You emit a cloud of foul miasma!
You barely miss Edmund.
Edmund is moderately wounded.
You hit Edmund. You freeze Edmund.
Edmund is heavily wounded.
Edmund is engulfed in dark miasma.
Edmund is poisoned.
Edmund seems to slow down.
The wall freezes Edmund.
Edmund hits you with a +1 dire flail of draining.
* * * LOW HITPOINT WARNING * * *
You feel drained.
You barely miss Edmund.
Edmund is severely wounded.
Edmund is engulfed in dark miasma.
Edmund looks even sicker.
The wall freezes Edmund.
Edmund hits you with a +1 dire flail of draining!
You die...

....[................
....................
#..................
#..############..#
#..####..######..##
.......<....#.....#
#.........[.#.....#
#...........'.....#
#)########.##.##@## #
#..##...##.##.##@##..###
.........#....#.........
.........#....+.........
#..##...###'####..##.###
#..####'###...##..## #
#...........†......+
#..................#
#..####..##.########


You could see Edmund (very poisoned, slow).

Vanquished Creatures
  Sigmund (D:3)
  An ogre (D:4)
  An adder (D:2)
  An ooze (D:2)
  2 leopard geckos (D:3)
  2 ball pythons (D:2)
  5 bats
  3 giant cockroaches
  5 goblins
  3 hobgoblins
  8 jackals
  A quokka (D:4)
  3 frilled lizards
  9 kobolds
  6 rats
51 creatures vanquished.

Notes
Turn   | Place    | Note
-------+----------+-------------------------------------------
     0 | D:1      | Essalna the Demonspawn Ice Elementalist began the quest for
                  | the Orb.
     0 | D:1      | Reached XP level 1. HP: 13/13 MP: 3/3
   565 | D:1      | Gained mutation: You have a pair of small antennae on your
                  | head. [demonic ancestry]
   565 | D:1      | Reached XP level 2. HP: 19/19 MP: 5/5
  1058 | D:2      | Found a blossoming altar of Fedhas.
  1479 | D:2      | Reached skill level 4 in Ice Magic
  1479 | D:2      | Reached XP level 3. HP: 24/24 MP: 2/6
  2630 | D:3      | Found a transporter.
  2650 | D:3      | Found a runed translucent gate.
  2650 | D:3      | Found a runed translucent gate.
  2650 | D:3      | Found a runed translucent gate.
  2650 | D:3      | Noticed fasse2k's ghost (amateur DgFi)
  2663 | D:3      | Identified the +2 chain mail of Mumblety Peg {rPois}
  2676 | D:3      | Found a transporter.
  2686 | D:3      | Noticed Sigmund
  2703 | D:3      | Learned a level 3 spell: Frozen Ramparts
  2723 | D:3      | Killed Sigmund
  2724 | D:3      | Reached XP level 4. HP: 29/30 MP: 4/9
  2724 | D:3      | Reached XP level 5. HP: 34/35 MP: 4/10
  3340 | D:4      | Noticed an ogre
  3351 | D:4      | Killed an ogre
  3352 | D:4      | Gained mutation: You may rarely emit foul miasma when
                  | damaged in melee. [demonic ancestry]
  3352 | D:4      | Reached XP level 6. HP: 41/41 MP: 8/11
  3450 | D:4      | Noticed Edmund
  3469 | D:4      | Mangled by Edmund

Illustrated notes

Levels and vault maps discovered:
D:1:      dpeg_arrival_concentric_ovals, layout_basic
D:2:      layout_loops_corners, fedhas_ov_isle_minmay
D:3:      gammafunk_steamed_eel, layout_basic, biasface_ghost_orc_armoury,
          uniq_sigmund
D:4:      layout_gridville, uniq_eustachio, uniq_edmund, uniq_robin

Skill      XL: |  1  2  3 |
---------------+----------+-----
Dodging        | 2 3 |  3.7
Ice Magic      | 4 |  4.9
Spellcasting   | 3 |  3.8
Stealth        | |  1.7

Action                   |  1- 3 |  4- 6 || total
-------------------------+-------+-------++-------
Melee: Dagger            |    89 |    26 ||   115
 Cast: Freeze            |    13 |       ||    13
       Frozen Ramparts   |     1 |     3 ||     4
 Stab: Sleeping          |     2 |     2 ||     4
Armor: Robe              |    21 |       ||    21
Dodge: Dodged            |    43 |     8 ||    51
Block: Other             |     6 |     6 ||    12
       Reflection        |     1 |       ||     1

Table legend: (Time is in decaauts)
 A = Elapsed time spent in this place.
 B = Non-inter-level travel time spent in this place.
 C = Inter-level travel time spent in this place.
 D = Time resting spent in this place.
 E = Time spent auto-exploring this place.
 F = Levels seen in this place.
 G = Mean time per level.
                   A        B        C        D        E       F      G
               +--------+--------+--------+--------+--------+-----+--------+
         Total |   3468 |   3326 |    142 |      0 |   2926 |   4 |  867.0 |
       Dungeon |   3468 |   3326 |    142 |      0 |   2926 |   4 |  867.0 |
               +--------+--------+--------+--------+--------+-----+--------+

Top non-repeatable levels by time:
     D:2: 1282 daAuts
     D:3: 1114 daAuts
     D:1: 914 daAuts
     D:4: 155 daAuts
